 Dungeon Sprint DCSS version 0.14-a0-1613-gd720e3e (console) character file.

1637 Illaniel the Fighter (level 8, -2/72 HPs)
             Began as a Demonspawn Chaos Knight on Dec 24, 2013.
             Was a Plaything of Xom.
             Slain by a nine-headed hydra (9 damage)
             ... in the Dungeon (Sprint IX: "|||||||||||||||||||||||||||||").
             The game lasted 00:07:48 (549 turns).

Illaniel the Fighter (Demonspawn Chaos Knight)       Turns: 549, Time: 00:07:49

HP  -2/72        AC 13     Str 17      XL: 8   Next: 66%
MP   0/19        EV 17     Int 14      God: Xom
Gold 0           SH  0     Dex 12      Spells:  0 memorised, 16 levels left

rFire  . . .     SeeInvis .     p - +2 orc halberd (venom)
rCold  . . .     Clarity  .     b - +2 leather armour
rNeg   . . .     Conserve .     (no shield)
rPois  .         rCorr    .     (no helmet)
rElec  .         rRot     .     q - +0 dwarf cloak
SustAb . .       Spirit   +     r - +0 pair of gloves
rMut   .         Warding  .     (no boots)
Saprov . . .     NoTele   +     (no amulet)
                                t - +2 ring of evasion
                                s - +3 ring of strength

@: slightly resistant to hostile enchantments, very unstealthy
A: hooves 2, rough black scales 1, magic shield
a: Renounce Religion


You were in the Dungeon.
You worshipped Xom.
You were a toy of Xom.
You were not hungry.

You visited 1 branch

Inventory:

Hand weapons
 a - a +0,+0 spear of chaos
 p - a +2,+2 orcish halberd of venom (weapon)
Armour
 b - a +2 leather armour (worn)
 q - a +0 dwarven cloak (worn)
 r - a +0 pair of gloves (worn)
Magical devices
 o - a wand of fire (0)
Comestibles
 c - a bread ration
 j - a chunk of bat flesh
Scrolls
 i - 2 scrolls of blinking
 m - 3 scrolls of remove curse
 n - 2 scrolls of amnesia
Jewellery
 s - a +3 ring of strength (left hand)
 t - a +2 ring of evasion (right hand)
Potions
 d - 5 potions of curing
 e - a potion of invisibility
 f - a potion of speed
 g - 4 potions of magic
 h - a potion of berserk rage
 l - 2 potions of heal wounds
Carrion
 k - an iguana skeleton


   Skills:
 * Level 9.7 Fighting
 * Level 8.9 Polearms
 * Level 8.6 Armour
 * Level 8.5 Dodging
 + Level 3.6 Unarmed Combat
 + Level 4.6 Spellcasting


You had 16 spell levels left.
You didn't know any spells.

Dungeon Overview and Level Annotations

Branches:
Dungeon (1/1)

Altars:
Ashenzari
Cheibriados
Elyvilon
Fedhas
Kikubaaqudgha
Makhleb
Nemelex Xobeh
Okawaru
Sif Muna
Trog
Vehumet
Xom
Yredelemnul
Zin
the Shining One


Innate Abilities, Weirdness & Mutations

You have hoof-like feet.
You are partially covered in rough black scales (AC +4, Dex -1).
When hurt, damage is shared between your health and your magic reserves.


Message History

The eight-headed hydra bites you.
The eight-headed hydra closely misses you.
The eight-headed hydra completely misses you.
The eight-headed hydra misses you. The eight-headed hydra bites you!
The eight-headed hydra bites you!
* * * LOW HITPOINT WARNING * * *
The eight-headed hydra bites you.
* * * LOW HITPOINT WARNING * * *
The eight-headed hydra bites you but does no damage.
You slice one of the eight-headed hydra's heads off!
The seven-headed hydra grows two more!
You hit the nine-headed hydra. You kick the nine-headed hydra.
The nine-headed hydra is severely wounded.
The nine-headed hydra misses you. The nine-headed hydra bites you.
* * * LOW HITPOINT WARNING * * *
The nine-headed hydra bites you but does no damage.
The nine-headed hydra bites you!
You die...
Xom thinks this is hilarious! ▓▓▓▓▓▓▓▓▓▓▓▓▓▓▓▓▓▓▓▓▓▓▓▓ ∙∙\)∙∙[∙∙')(∙∙∙∙@D∙(∙∙∙■ ▓▓▓▓▓▓▓▓▓▓▓▓▓▓▓▓▓▓▓▓▓▓▓▓

You could see a nine-headed hydra.

Vanquished Creatures
  A hill giant (D)
  A cyclops (D)
  A two-headed ogre (D)
  A troll (D)
  A yak (D)
  A phantom (D)
  An eye of draining (D)
  A crimson imp (D)
  A hound (D)
  2 iguanas (D)
  A worker ant (D)
  A giant gecko (D)
  2 goblins (D)
  A hobgoblin (D)
  A bat (D)
  2 kobolds (D)
  2 rats (D)
21 creatures vanquished.

Notes
Turn   | Place    | Note
--------------------------------------------------------------
     0 | D        | Illaniel, the Demonspawn Chaos Knight, began the quest for the Orb.
     0 | D        | Reached XP level 1. HP: 18/18 MP: 1/1
    16 | D        | Reached skill level 1 in Dodging
   105 | D        | Noticed an iguana
   105 | D        | Noticed a phantom
   105 | D        | Noticed an iguana
   106 | D        | Killed an iguana
   106 | D        | Reached skill level 4 in Fighting
   106 | D        | Gained mutation: When hurt, damage is shared between your health and your magic reserves. [demonic ancestry]
   106 | D        | Reached XP level 2. HP: 23/26 MP: 2/2
   106 | D        | Gained mutation: You have large cloven feet. [demonic ancestry]
   106 | D        | Reached XP level 3. HP: 27/31 MP: 3/3
   115 | D        | Killed an iguana
   145 | D        | Killed a phantom
   145 | D        | Reached skill level 6 in Fighting
   145 | D        | Reached skill level 5 in Polearms
   145 | D        | Gained mutation: You are partially covered in rough black scales (AC +4, Dex -1). [demonic ancestry]
   145 | D        | Reached XP level 4. HP: 9/40 MP: 2/4
   145 | D        | Reached XP level 5. HP: 10/46 MP: 2/5
   147 | D        | Reached skill level 5 in Armour
   221 | D        | XOM: divination: magic mapping
   376 | D        | Found a shattered altar of Ashenzari.
   376 | D        | Found a glowing golden altar of the Shining One.
   376 | D        | Found a blossoming altar of Fedhas.
   376 | D        | Found a bloodstained altar of Trog.
   376 | D        | Found a white marble altar of Elyvilon.
   376 | D        | Found a shimmering altar of Xom.
   376 | D        | Found a burning altar of Makhleb.
   377 | D        | Found an iron altar of Okawaru.
   378 | D        | Found a sparkling altar of Nemelex Xobeh.
   379 | D        | Found a deep blue altar of Sif Muna.
   380 | D        | Found a glowing silver altar of Zin.
   381 | D        | Found a basalt altar of Yredelemnul.
   382 | D        | Found a snail-covered altar of Cheibriados.
   383 | D        | Found a radiant altar of Vehumet.
   384 | D        | Found an ancient bone altar of Kikubaaqudgha.
   385 | D        | Found a burning altar of Makhleb.
   386 | D        | Found a bloodstained altar of Trog.
   429 | D        | Noticed a hound
   429 | D        | Noticed a two-headed ogre
   429 | D        | Noticed a hill giant
   429 | D        | Noticed a crimson imp
   430 | D        | Killed a hound
   430 | D        | Reached skill level 5 in Dodging
   433 | D        | Killed a crimson imp
   433 | D        | Reached skill level 1 in Spellcasting
   435 | D        | Killed a two-headed ogre
   435 | D        | Reached skill level 7 in Fighting
   435 | D        | Gained mutation: You have hoof-like feet. [demonic ancestry]
   435 | D        | Reached XP level 6. HP: 46/55 MP: 4/11
   445 | D        | Killed a hill giant
   445 | D        | Reached skill level 8 in Fighting
   445 | D        | Reached XP level 7. HP: 44/63 MP: 4/15
   538 | D        | Noticed a troll
   538 | D        | Noticed a worker ant
   538 | D        | Noticed a yak
   538 | D        | Noticed an eye of draining
   538 | D        | Noticed a cyclops
   538 | D        | Noticed a six-headed hydra
   540 | D        | Killed a worker ant
   540 | D        | XOM: silly message
   541 | D        | Killed a yak
   541 | D        | Reached skill level 9 in Fighting
   541 | D        | Reached XP level 8. HP: 69/71 MP: 1/18
   541 | D        | Killed an eye of draining
   542 | D        | Killed a troll
   544 | D        | Killed a cyclops
   549 | D        | Slain by a nine-headed hydra

Action                   |  1- 3 |  4- 6 |  7- 9 || total
-------------------------+-------+-------+-------++-------
Melee: Spear             |    46 |     2 |       ||    48
       Halberd           |       |    14 |     4 ||    18
Evoke: Wand              |       |     1 |     6 ||     7
  Use: Potion            |     1 |       |       ||     1
 Stab: Paralysed         |     2 |       |       ||     2
       Confused          |     1 |       |       ||     1
